 Dungeon Sprint DCSS version 0.22-a0-136-g83a10e5898 (webtiles) character file.

161 Denreik the Fighter (level 5, -10/49 HPs)
             Began as a Formicid Skald on Feb 3, 2018.
             Was an Initiate of Okawaru.
             Mangled by a two-headed ogre
             ... wielding a +0 dire flail
              (26 damage)
             ... in the Dungeon (Sprint IX: "|||||||||||||||||||||||||||||").
             The game lasted 00:06:18 (891 turns).

Denreik the Fighter (Formicid Skald)                 Turns: 891, Time: 00:06:18

Health: -10/49     AC: 10    Str: 16    XL:     5   Next: 70%
Magic:  0/8        EV: 16    Int: 13    God:    Okawaru [......]
Gold:   0          SH:  0    Dex: 13    Spells: 0/8 levels left

rFire    . . .     SeeInvis +   p - +2 halberd (protect)
rCold    . . .     Gourm    .   (no shield)
rNeg     . . .     Faith    .   b - +0 leather armour
rPois    .         Spirit   .   (helmet unavailable)
rElec    .         Reflect  .   (no cloak)
rCorr    .         Harm     .   (no gloves)
MR       .....                  (no boots)
Stlth    +.........             (no amulet)
HPRegen  0.16/turn              t - +3 ring of dexterity
MPRegen  0.11/turn              u - +2 ring of evasion

@: infused (expiring), singing, protection aura
A: permanent stasis, dig shafts and tunnels, four strong arms, antennae 3
a: Dig, Renounce Religion


You were in the Dungeon.
You worshipped Okawaru.
Okawaru was noncommittal.
You were not hungry.

You visited 1 branch

Inventory:

Hand Weapons
 p - a +2 halberd of protection (weapon)
 q - a +2 morningstar of protection
Armour
 b - a +0 leather armour (worn)
 r - a +0 cloak
 s - a +1 chain mail
Magical Staves
 o - an uncursed staff of energy
Jewellery
 t - a +3 ring of dexterity (left hand)
 u - a +2 ring of evasion (right hand)
Wands
 n - a wand of acid (10)
Scrolls
 j - 2 scrolls of blinking
 l - 3 scrolls of remove curse
 m - 2 scrolls of amnesia
Potions
 e - 5 potions of curing
 f - a potion of invisibility
 g - a potion of haste
 h - 4 potions of magic
 i - a potion of berserk rage
 k - 2 potions of heal wounds
Books
 c - a book of Battle

   Spells                             Type                      Level
   a - Infusion                       Charms                       1
   b - Shroud of Golubria             Charms/Translocation         2
   c - Song of Slaying                Charms                       2
   d - Spectral Weapon                Hexes/Charms                 3
   e - Regeneration                   Charms/Necromancy            3
Comestibles
 d - a ration


   Skills:
 - Level 8.2 Fighting
 * Level 4.1 Polearms
 - Level 4.0 Armour
 - Level 5.3 Dodging
 - Level 2.1 Spellcasting
 - Level 3.0 Charms


You couldn't memorise any spells.
You knew the following spells:

 Your Spells              Type           Power        Failure   Level  Hunger
a - Infusion              Chrm           #...         9%          1    ##.....
b - Shroud of Golubria    Chrm/Tloc      #.........   24%         2    ###....
c - Song of Slaying       Chrm           #.......     13%         2    ###....
d - Regeneration          Chrm/Necr      #.........   43%         3    ####...


Dungeon Overview and Level Annotations

Branches:
Dungeon (1/1)

Altars:
Cheibriados
Dithmenos
Elyvilon
Fedhas
Gozag
Hepliaklqana
Kikubaaqudgha
Makhleb
Nemelex Xobeh
Okawaru
Qazlal
Ru
Sif Muna
Trog
Uskayaw
Vehumet
Wu Jian
Xom
Yredelemnul
Zin
The Shining One
Beogh
Jiyva
Lugonu


Innate Abilities, Weirdness & Mutations

You cannot be hasted, slowed, berserked, paralysed or teleported.
You can dig through walls and to a lower floor.
Your four strong arms can wield two-handed weapons with a shield.
You have a pair of large antennae on your head. (SInv)


Message History

The two-headed ogre hits you with a giant club.
You hit the two-headed ogre.
The two-headed ogre is moderately wounded.
The two-headed ogre misses you. The two-headed ogre barely misses you.
You slash the two-headed ogre!
The two-headed ogre is heavily wounded.
The two-headed ogre hits you with a dire flail!
Your shroud falls apart!
The two-headed ogre hits you with a giant club!!
The orc wizard mumbles some strange words.
The orc wizard flickers and vanishes for a moment.
Attack whom?
Press: ? - help, Dir - move target cursor, f - two-headed ogre
Aim: a two-headed ogre, wielding a dire flail and a giant club (heavily wounded)
You hit the two-headed ogre but do no damage.
The two-headed ogre is heavily wounded.
The two-headed ogre closely misses you.
The two-headed ogre hits you with a giant club!!
Ouch! That really hurt!
You die... ▓▓▓▓▓▓▓▓▓▓▓▓▓▓▓▓▓▓▓▓▓▓▓▓ .YxoloO@..[.)...'_______ ▓▓▓▓▓▓▓▓▓▓▓▓▓▓▓▓▓▓▓▓▓▓▓▓ { {{{{{{{ {{{{{{{ {

You could see a two-headed ogre, a yak, an unseen horror (invisible), an orc warrior, a wyvern and an orc wizard (invisible).

Vanquished Creatures
  A centaur (D)
  A crimson imp (D)
  An iguana (D)
  An adder (D)
  A dart slug (D)
  A leopard gecko (D)
  A bat (D)
  2 goblins (D)
  A jackal skeleton (D)
10 creatures vanquished.

Notes
Turn   | Place    | Note
-------+----------+-------------------------------------------
     0 | D        | Denreik the Formicid Skald began the quest for the Orb.
     0 | D        | Reached XP level 1. HP: 16/16 MP: 3/3
    19 | D        | Reached XP level 2. HP: 10/22 MP: 5/5
    28 | D        | Learned a level 2 spell: Shroud of Golubria
    31 | D        | Learned a level 2 spell: Song of Slaying
   498 | D        | Noticed a centaur
   498 | D        | Noticed a crimson imp
   510 | D        | Killed a crimson imp
   510 | D        | Reached skill level 5 in Dodging
   510 | D        | Reached XP level 3. HP: 23/27 MP: 0/6
   521 | D        | Reached skill level 3 in Fighting
   521 | D        | Reached XP level 4. HP: 31/35 MP: 0/7
   541 | D        | Killed a centaur
   541 | D        | Reached skill level 8 in Fighting
   541 | D        | Reached XP level 5. HP: 11/49 MP: 0/8
   796 | D        | Found a roughly hewn altar of Beogh.
   796 | D        | Found a snail-covered altar of Cheibriados.
   796 | D        | Found a shadowy altar of Dithmenos.
   796 | D        | Found a white marble altar of Elyvilon.
   796 | D        | Found a blossoming altar of Fedhas.
   796 | D        | Found an opulent altar of Gozag.
   797 | D        | Found a hazy altar of Hepliaklqana.
   798 | D        | Found a viscous altar of Jiyva.
   799 | D        | Found an ancient bone altar of Kikubaaqudgha.
   800 | D        | Found a corrupted altar of Lugonu.
   801 | D        | Found a burning altar of Makhleb.
   802 | D        | Found a sparkling altar of Nemelex Xobeh.
   803 | D        | Found an iron altar of Okawaru.
   804 | D        | Found a stormy altar of Qazlal.
   805 | D        | Found a sacrificial altar of Ru.
   806 | D        | Found a deep blue altar of Sif Muna.
   807 | D        | Found a bloodstained altar of Trog.
   808 | D        | Found a hide-covered altar of Uskayaw.
   809 | D        | Found a radiant altar of Vehumet.
   810 | D        | Found an ornate altar of the Wu Jian Council.
   811 | D        | Found a shimmering altar of Xom.
   812 | D        | Found a basalt altar of Yredelemnul.
   813 | D        | Found a glowing silver altar of Zin.
   814 | D        | Found a glowing golden altar of the Shining One.
   821 | D        | Became a worshipper of Warmaster Okawaru
   881 | D        | Learned a level 3 spell: Regeneration
   884 | D        | Noticed a yak
   884 | D        | Noticed an unseen horror
   884 | D        | Noticed a wyvern
   884 | D        | Noticed a two-headed ogre
   884 | D        | Noticed an orc warrior
   891 | D        | Mangled by a two-headed ogre

Vault maps used:
D:        linesprint

Skill      XL: |  1  2  3  4  5 |
---------------+----------------+-----
Polearms       | 4 |  4.1
Dodging        | 5 |  5.3
Fighting       | 3 8 |  8.2
Armour         | 4 |  4.0
Spellcasting   | |  2.1
Charms         | |  3.0

Action                   |  1- 3 |  4- 6 || total
-------------------------+-------+-------++-------
Melee: Spear             |    42 |    24 ||    66
       Halberd           |       |     7 ||     7
 Cast: Infusion          |     3 |     2 ||     5
       Shroud of Golubri |     2 |     1 ||     3
       Song of Slaying   |     1 |     1 ||     2
  Use: Potion            |       |     1 ||     1
Armor: Leather armour    |     7 |     5 ||    12
Dodge: Dodged            |    24 |    23 ||    47

Table legend:
 A = Spawn XP
 B = Non-spawn XP
 C = Spawn XP percentage of total XP
 D = Spawn monster count
 E = Non-spawn monster count
 F = Spawn count percentage of total count
 G = Total turns spent on level
                    A         B        C        D         E        F      G
               +---------+---------+-------+---------+---------+-------+---------
         Total |       0 |     230 |   0.0 |       0 |      10 |   0.0 |   891
               +---------+---------+-------+---------+---------+-------+---------
             D |       0 |     230 |   0.0 |       0 |      10 |   0.0 |   891
               +---------+---------+-------+---------+---------+-------+---------
